 Dungeon Crawl Stone Soup version 0.32-a0-292-g751ec8d2e7 (webtiles) character file.

Game seed: 4734727114155961926

1579 EC1 the Chiller (level 8, -4/57 HPs)
             Began as a Merfolk Ice Elementalist on Feb 14, 2024.
             Was an Initiate of Sif Muna.
             Slain by an ice beast (5 damage)
             ... on level 6 of the Dungeon.
             The game lasted 00:21:48 (7106 turns).

EC1 the Chiller (Merfolk Ice Elementalist)          Turns: 7106, Time: 00:21:48

Health: -4/57      AC:  5    Str:  9    XL:     8   Next: 91%
Magic:  8/16       EV: 29    Int: 16    God:    Sif Muna [......]
Gold:   300        SH:  0    Dex: 14    Spells: 4/18 levels left

rFire   . . .        z - +3 spear (freeze)
rCold   . . .        (no shield)
rNeg    . . .        a - +0 robe
rPois   .            x - +0 helmet
rElec   .            E - +1 cloak
rCorr   .            (no gloves)
SInv    .            (no boots)
Will    .....        e - amulet of the acrobat
Stlth   +++          o - ring of flight
HPRegen 0.29/turn    (no ring)
MPRegen 0.15/turn

%: acrobat
@: acrobatic, flying, very slightly contaminated
A: (nimble swimmer 2), mertail
a: Renounce Religion


You were on level 6 of the Dungeon.
You worshipped Sif Muna.
Sif Muna was noncommittal.
You visited 1 branch of the dungeon, and saw 6 of its levels.

You collected 300 gold pieces.

Inventory:

Hand Weapons
 c - a +0 club
 d - a +3 morningstar
 f - a +1 whip of venom
 k - a +0 great mace
 p - a +0 trident
 u - a +2 quarterstaff of chaos
 w - a +0 hammer
 z - a +3 spear of freezing (weapon)
 C - a +0 spectral hand axe
Missiles
 s - 2 throwing nets
Armour
 a - a +0 robe (worn)
 n - a +0 robe
 v - a +0 cloak
 x - a +0 helmet (worn)
 y - a +0 robe
 E - a +1 cloak (worn)
 F - a +0 helmet
 I - a +0 robe
 J - a +1 hat
Jewellery
 e - an amulet of the acrobat (around neck)
 o - a ring of flight (left hand)
 H - a ring of fire
Talismans
 q - a flux talisman
Wands
 l - a wand of acid (12)
 M - a wand of mindburst (8)
Scrolls
 h - a scroll of amnesia
 G - a scroll of teleportation {unknown}
 K - a scroll of poison {unknown}
 L - 2 scrolls of identify
Potions
 b - a potion of magic
 g - 3 potions of might
 i - a potion of resistance {unknown}
 j - 2 potions of haste {unknown}
 m - a potion of lignification {unknown}
 r - a potion of attraction {unknown}
 t - a potion of degeneration {unknown}
 A - a potion of experience {unknown}
 B - a potion of enlightenment {unknown}
 D - a potion of invisibility {unknown}


   Skills:
 + Level 2.6 Fighting
 + Level 0.2 Maces & Flails
 + Level 5.7 Polearms
 + Level 4.8 Dodging
 + Level 4.2 Stealth
 + Level 5.6 Spellcasting
 + Level 1.0 Conjurations
 + Level 1.6 Summonings
 + Level 7.4 Ice Magic


You had 4 spell levels left.
You knew the following spells:

 Your Spells              Type           Power      Damage    Failure   Level
a - Freeze                Ice            100%       1d10      1%          1
b - Frozen Ramparts       Ice            56%        1d9       1%          3
c - Summon Ice Beast      Ice/Summ       18%        N/A       7%          3
d - Apportation           Tloc           8%         N/A       14%         1
e - Hailstorm             Conj/Ice       17%        3d6       8%          3
f - Swiftness             Air            4%         N/A       41%         3

Your spell library contained the following spells:

 Spells                   Type           Power      Damage    Failure   Level
 Ozocubu's Armour         Ice            28%        N/A       1%          3
 Ensorcelled Hibernation  Hex/Ice        32%        N/A       4%          2
 Summon Small Mammal      Summ           36%        N/A       8%          1
 Kiss of Death            Conj/Necr      24%        2d7       12%         1
 Shock                    Conj/Air       24%        1d4       12%         1
 Sting                    Conj/Alch      24%        1d4       12%         1
 Necrotise                Necr           16%        1d4       14%         1
 Slow                     Hex            16%        N/A       14%         1
 Confusing Touch          Hex            4%         N/A       41%         3
 Passwall                 Erth           4%         N/A       41%         3
 Sigil of Binding         Hex            4%         N/A       41%         3
 Vampiric Draining        Necr           4%         2d6       41%         3
 Airstrike                Air            2%         2d(1-17)  82%         4
 Dispel Undead            Necr           4%         3d7       82%         4
 Sculpt Simulacrum        Ice/Alch       8%         N/A       99%         6


Dungeon Overview and Level Annotations

Branches:
Dungeon (6/15)             Temple (0/1) D:6

Altars:
Elyvilon
Hepliaklqana
Makhleb
Okawaru
Ru
Sif Muna
Xom
Yredelemnul

Shops:
D:5 =


Innate Abilities, Weirdness & Mutations

((You are very nimble when in or above water. (Stealth+, EV+, Speed+++)))
Your lower body shifts to a powerful aquatic tail in water.


Message History

Your ice beast closely misses the ice beast.
You see here a scroll of identify.
L - 2 scrolls of identify (gained 1)
The ice beast hits you. The ice beast freezes you!
Your ice beast barely misses the ice beast.
Casting: Summon Ice Beast (dangerous; 7% risk of failure)
Confirm with . or Enter, or press ? or * to list all spells.
You miscast Swiftness.
You are very lightly contaminated with residual magic.
Electricity courses through your body! The ice beast misses you.
Your ice beast closely misses the ice beast.
Casting: Swiftness (dangerous; 41% risk of failure)
Confirm with . or Enter, or press ? or * to list all spells.
You can't see any susceptible monsters within range! (Use Z to cast anyway.)
Your ice beast misses the ice beast.
The ice beast attacks as it pursues you!
The ice beast completely misses you.
The ice beast attacks as it pursues you!
The ice beast barely misses you.
Casting: Swiftness (dangerous; 41% risk of failure)
Confirm with . or Enter, or press ? or * to list all spells.
You miscast Swiftness.
Electricity courses through your body! The ice beast hits you.
* * * LOW HITPOINT WARNING * * *
The ice beast freezes you!
* * * LOW HITPOINT WARNING * * *
Your ice beast closely misses the ice beast.
Okay, then.
The ice beast attacks as it pursues you!
The ice beast barely misses you.
There is an open door here.
The ice beast attacks as it pursues you!
The ice beast completely misses you.
The ice beast attacks as it pursues you!
The ice beast completely misses you.
The ice beast attacks as it pursues you!
The ice beast hits you.
* * * LOW HITPOINT WARNING * * *
The ice beast freezes you.
You die...

#...###########.÷
#.♣.#.......###..
#...#.#...#.#.#..
#########..'.†.....#.#..
##PPP##..#..'..._...#..#.
#P...P##..#.'.......#)÷#.
#P.>..'...#.#.#...#.#)).#
#P...P###.###.......#.♣.#
##PPP##Y@.###########...#
#####...................
#...Y...............####
#..l..........##'#......
##'########......#......
##.#### #####..#.#.###
#.....# #....#....
#.....# ##...#####
#.....# #........


You could see an ice beast (ally target), an iguana and a friendly ice beast
(summoned).

Vanquished Creatures
  A fire bat (D:6)
  Blork the orc (D:6)
  A scorpion (D:6)
  A bullfrog (D:6)
  4 wights (D:6)
  2 bombardier beetles
  3 hounds
  A jelly (D:5)
  Crazy Yiuf (D:3)
  Terence (D:3)
  7 adders
  4 gnolls (D:6)
  2 ufetubi (D:6)
  A ribbon worm (D:3)
  A dart slug (D:1)
  10 orcs
  11 endoplasms
  A giant cockroach (D:1)
  8 goblins
  6 hobgoblins
  8 kobolds
  2 quokkas (D:1)
  4 ball pythons
  4 bats
  5 frilled lizards
  6 rats
96 creatures vanquished.

Vanquished Creatures (collateral kills)
  A water moccasin (D:5)
  A black bear (D:5)
  2 scorpions (D:5)
  A wight (D:6)
  A bombardier beetle (D:5)
  2 gnoll boudas (D:6)
  2 iguanas (D:5)
  An adder (D:6)
  2 ribbon worms
  2 bats (D:3)
  A goblin (D:2)
  A quokka (D:5)
17 creatures vanquished.

Grand Total: 113 creatures vanquished

Notes
Turn   | Place    | Note
-------+----------+-------------------------------------------
     0 | D:1      | EC1 the Merfolk Ice Elementalist began the quest for the
                  | Orb.
     0 | D:1      | Reached XP level 1. HP: 13/13 MP: 3/3
   165 | D:1      | Reached XP level 2. HP: 15/19 MP: 1/5
   392 | D:1      | Reached skill level 5 in Ice Magic
   549 | D:1      | Reached XP level 3. HP: 23/24 MP: 2/6
  1657 | D:2      | Learned a level 3 spell: Frozen Ramparts
  1661 | D:2      | Learned a level 3 spell: Summon Ice Beast
  1889 | D:2      | Found a hazy altar of Hepliaklqana.
  1899 | D:2      | Reached XP level 4. HP: 30/30 MP: 3/8
  2476 | D:2      | Learned a level 1 spell: Apportation
  2577 | D:3      | Noticed Terence
  2593 | D:3      | Killed Terence
  2594 | D:3      | Reached XP level 5. HP: 13/35 MP: 1/10
  2678 | D:3      | Found a basalt altar of Yredelemnul.
  3360 | D:3      | Reached skill level 1 in Polearms
  3542 | D:3      | Found a runed translucent door.
  3543 | D:3      | Noticed Crazy Yiuf
  3557 | D:3      | Killed Crazy Yiuf
  3558 | D:3      | Reached XP level 6. HP: 8/42 MP: 7/12
  3842 | D:4      | Learned a level 3 spell: Hailstorm
  4353 | D:4      | Found a white marble altar of Elyvilon.
  4451 | D:4      | Found a sacrificial altar of Ru.
  4497 | D:4      | Found a burning altar of Makhleb.
  5301 | D:5      | Entered Level 5 of the Dungeon
  5334 | D:5      | Reached skill level 1 in Fighting
  5575 | D:5      | Reached XP level 7. HP: 48/48 MP: 9/13
  5678 | D:5      | Found Woschowyan's Jewellery Shoppe.
  5702 | D:5      | Reached skill level 6 in Ice Magic
  5771 | D:5      | Found an iron altar of Okawaru.
  5881 | D:5      | Reached skill level 1 in Summonings
  6034 | D:5      | Found a shimmering blue altar of Sif Muna.
  6040 | D:5      | Became a worshipper of Sif Muna the Loreminder
  6353 | D:6      | Noticed Blork the orc
  6357 | D:6      | Killed Blork the orc
  6358 | D:6      | Reached XP level 8. HP: 56/56 MP: 5/14
  6425 | D:6      | Reached skill level 5 in Polearms
  6629 | D:6      | Reached skill level 5 in Spellcasting
  6675 | D:6      | Reached skill level 7 in Ice Magic
  6755 | D:6      | Found a shimmering altar of Xom.
  6766 | D:6      | Reached skill level 1 in Conjurations
  6902 | D:6      | Learned a level 3 spell: Swiftness
  6909 | D:6      | Found a staircase to the Ecumenical Temple.
  7099 | D:6      | HP: 1/57 [ice beast (14)]
  7106 | D:6      | HP: 1/57 [ice beast (2)]
  7106 | D:6      | Slain by an ice beast

Illustrated notes

Levels and vault maps discovered:
D:1:      tekkud_arrival_beachfront_property, layout_basic,
          serial_bayou_crossing
D:2:      layout_loops_ring, basic_altar
D:3:      layout_loops_cross, mainiacjoe_overflow_boulevard,
          minmay_increasing_density, uniq_crazy_yiuf_cottage, uniq_terence
D:4:      layout_layer_cave, nicolae_ru_sacrificial_ziggurat,
          mainiacjoe_overflow_alcove_4, mainiacjoe_overflow_alcove_1,
          serial_bayou, serial_bayou_lagoon_a, serial_bayou_shore_b,
          serial_bayou_lake_a, serial_bayou_shore_a, serial_bayou_pond_c,
          serial_bayou_shore_b
D:5:      layout_rooms, mainiacjoe_overflow_alcove_2,
          hellmonk_okawaru_the_only_friend_you_need, serial_shops,
          nicolae_shop_advertising_works [nicolae_subvault_shop_adworks]
D:6:      layout_basic, regret_index_xom_of_box,
          minmay_temple_entry_enclosed_plants, uniq_blork_the_orc, uniq_grinder

Skill      XL: |  1  2  3  4  5  6  7  8 |
---------------+-------------------------+-----
Ice Magic      | 5 6 7 |  7.4
Dodging        | 3 4 |  4.8
Spellcasting   | 3 4 5 |  5.6
Stealth        | 3 4 |  4.2
Polearms       | 1 3 4 5 |  5.7
Fighting       | 1 2 |  2.6
Summonings     | 1 |  1.6
Conjurations   | 1 |  1.0
Maces & Flails | |  0.2

Action                     |  1- 3 |  4- 6 |  7- 9 || total
---------------------------+-------+-------+-------++-------
  Melee: Unarmed           |     4 |       |       ||     4
         Club              |     7 |    31 |       ||    38
         Trident           |       |    99 |    66 ||   165
         Spear             |       |       |    29 ||    29
   Cast: Freeze            |    39 |     3 |     5 ||    47
         Frozen Ramparts   |     2 |    15 |    10 ||    27
         Summon Ice Beast  |     2 |     6 |     7 ||    15
         Hailstorm         |       |     1 |     6 ||     7
         Swiftness         |       |       |     1 ||     1
  Evoke: Wand              |       |     1 |       ||     1
    Use: Scroll            |     3 |     2 |       ||     5
         Potion            |       |     2 |     3 ||     5
   Stab: Sleeping          |       |     5 |     3 ||     8
 Armour: Robe              |    25 |    48 |    58 ||   131
  Dodge: Dodged            |    19 |   107 |    99 ||   225

Table legend: (Time is in decaauts)
 A = Elapsed time spent in this place.
 B = Non-inter-level travel time spent in this place.
 C = Inter-level travel time spent in this place.
 D = Time resting spent in this place.
 E = Time spent auto-exploring this place.
 F = Levels seen in this place.
 G = Mean time per level.
                   A        B        C        D        E       F      G
               +--------+--------+--------+--------+--------+-----+--------+
         Total |   7061 |   7061 |      0 |   1031 |   3455 |   6 | 1176.8 |
       Dungeon |   7061 |   7061 |      0 |   1031 |   3455 |   6 | 1176.8 |
               +--------+--------+--------+--------+--------+-----+--------+

Top non-repeatable levels by time:
     D:1: 1616 daAuts
     D:4: 1399 daAuts
     D:3: 1342 daAuts
     D:5: 913 daAuts
     D:2: 897 daAuts
     D:6: 892 daAuts
